cohdb
Replays
Latest Replays
All Replays
Popular Replays
Top Player Replays
Match Explorer
How It Works
Community
CoH3 Stats
Reddit
Sign in to upload your games and track your stats! →
Sign in with Steam
Match 38941835
Unlisted
Match 38941835
Overview
Messages
Build Orders
End
Construct Weapon Support Center
Engineer Squad
Selects Armored Battlegroup
Selects Assault Engineers
M1919 Machine Gun Team
Assault Engineer Squad
M1919 Machine Gun Team
Air Support Center
Mortar Pit
Grasshopper Recon Run
M3 Armored Personnel Carrier
Air Supply
M3 Armored Personnel Carrier
Grasshopper Recon Run
Double Sortie
Grasshopper Recon Run
Assault Engineer Squad
Selects Strength in Steel
P-47 Strafing Run
Selects M8 Scott SPG
Selects UNKNOWN (2160077)
Construct Tank Depot
Grasshopper Recon Run
P-47 Dive Bomb
P-47 Strafing Run
Assault Engineer Squad
M1919 Machine Gun Team
Grasshopper Recon Run
P-47 Dive Bomb
Selects M31 Recovery Vehicle
M4A3E8 Sherman Easy Eight
Grasshopper Recon Run
P-47 Strafing Run
Honey
BERKSHIRE10
dkdkabc
Zebra
Raiden
moemoe
Escanor
pajeet kumar
0
0
Comments
sign in to comment!
No comments posted yet!